 Dungeon Crawl Stone Soup version 0.30.1-1-g62c8e00024 (webtiles) character file.

Game seed: 3463498833143283085

469 cowcol the Covered (level 6, -2/56 HPs)
             Began as a Minotaur Fighter on July 17, 2023.
             Slain by an orc priest
             ... wielding a +0 mace
              (4 damage)
             ... on level 4 of the Dungeon.
             The game lasted 00:09:30 (3069 turns).

cowcol the Covered (Minotaur Fighter)               Turns: 3069, Time: 00:09:30

Health: -2/56      AC: 13    Str: 22    XL:     6   Next: 82%
Magic:  5/5        EV:  8    Int:  5    God:
Gold:   137        SH:  4    Dex: 10    Spells: 5/5 levels left

rFire   . . .        a - +0 war axe
rCold   . . .        c - +0 buckler
rNeg    . . .        m - +0 chain mail
rPois   .            (helmet restricted)
rElec   .            (no cloak)
rCorr   .            n - +0 pair of gloves
SInv    .            k - +1 pair of boots
Will    .....        (no amulet) Stlth
                     (no ring)
HPRegen 0.29/turn    (no ring)
MPRegen 0.09/turn

%: no passive effects
@: no status effects
A: horns 2, retaliatory headbutt
a: no special abilities


You were on level 4 of the Dungeon.
You visited 1 branch of the dungeon, and saw 4 of its levels.

You collected 137 gold pieces.

Inventory:

Hand Weapons
 a - a +0 war axe (weapon)
Armour
 b - a +0 scale mail
 c - a +0 buckler (worn)
 k - a +1 pair of boots (worn)
 m - a +0 chain mail (worn)
 n - a +0 pair of gloves (worn)
Scrolls
 e - a scroll of fog
 f - 3 scrolls of teleportation
 g - a scroll of brand weapon {unknown}
 h - a scroll of vulnerability
 i - 2 scrolls of magic mapping {unknown}
 l - a scroll of amnesia {unknown}
 o - a scroll of blinking {unknown}
 p - a scroll of immolation {unknown}
Potions
 d - a potion of ambrosia {unknown}
 j - a potion of might


   Skills:
 + Level 5.1 Fighting
 + Level 6.1 Axes
 + Level 6.4 Armour
 - Level 3.6 Shields


You had 5 spell levels left.
You didn't know any spells.
Your spell library contained the following spells:

 Spells                   Type           Power      Damage    Failure   Level
 Iskenderun's Battlesphe  Conj           0%         2d6       100%        5
 Iron Shot                Conj/Erth      0%         9d1       100%        6
 Spellforged Servitor     Conj/Summ      0%         N/A       100%        7


Dungeon Overview and Level Annotations

Branches:
Dungeon (4/15)
 Temple: D:4-7

Altars:
Fedhas
Gozag
Nemelex Xobeh

Annotations:
D:3 3 runed translucent doors, Inchmeat's ghost, novice AtGl


Innate Abilities, Weirdness & Mutations

You have a pair of horns on your head.
You reflexively headbutt those who attack you in melee.


Message History

Beogh smites you! The orc priest hits you with a +0 mace.
The orc priest calls down the wrath of Beogh upon you.
Beogh smites you!
The orc priest hits you but does no damage.
You hit the orc priest.
You headbutt the orc priest, but do no damage.
The orc priest is severely wounded.
You barely miss the orc priest.
The orc priest calls upon Beogh to heal the orc priest.
The orc priest is healed somewhat.
The orc priest hits you with a +0 mace.
You closely miss the orc priest.
The orc priest is moderately wounded.
You hit the orc priest.
The orc priest calls down the wrath of Beogh upon you.
Beogh smites you!
* * * LOW HITPOINT WARNING * * *
The orc priest barely misses you.
You slash the orc priest!
You kill the orc priest!
You closely miss the orc priest. You block the orc priest's attack.
Your Axes skill increases to level 6!
The orc priest attacks as you move away!
The orc priest completely misses you. You furiously retaliate!
You headbutt the orc priest.
An orc wizard comes into view. It is wielding a +0 dagger.
The orc wizard shouts!
The orc priest calls down the wrath of Beogh upon you.
Pain shoots through your body!
* * * LOW HITPOINT WARNING * * *
The orc wizard casts a spell at you. The magic dart hits you.
* * * LOW HITPOINT WARNING * * *
You see here a +0 whip.
You block the orc priest's attack.
Things that are here:
a +0 flail; a +0 leather armour You hit the orc priest.
Your headbutt misses the orc priest.
The orc priest is almost dead.
The orc priest hits you with a +0 mace.
You die...

####### ....... ....... #
....... # .>.....#######
#####
.......#.....########...#
.......#.................
.......')................
.......#@...............#
.......#.o..####...##...#
.......#....####...##...#
...o...#....+.......'....
.....o.#....#.......#....
..o..5o#....#.......#....
.......##############...#
#...# ....#


You could see an orc priest.

Vanquished Creatures
  Grinder (D:3)
  Sigmund (D:2)
  An orc priest (D:4)
  Ijyb (D:3)
  2 worms (D:3)
  2 dart slugs
  5 orcs
  3 endoplasms
  3 giant cockroaches (D:1)
  4 goblins
  5 hobgoblins
  5 kobolds
  3 quokkas
  6 ball pythons
  7 bats
  5 frilled lizards
  2 rats
56 creatures vanquished.

Notes
Turn   | Place    | Note
-------+----------+-------------------------------------------
     0 | D:1      | cowcol the Minotaur Fighter began the quest for the Orb.
     0 | D:1      | Reached XP level 1. HP: 19/19 MP: 0/0
   432 | D:1      | Reached XP level 2. HP: 27/27 MP: 1/1
  1107 | D:2      | Reached XP level 3. HP: 33/33 MP: 2/2
  1428 | D:2      | Noticed Sigmund
  1443 | D:2      | Killed Sigmund
  1444 | D:2      | Reached skill level 5 in Armour
  1444 | D:2      | Reached XP level 4. HP: 41/41 MP: 3/3
  1444 | D:2      | Reached XP level 5. HP: 47/47 MP: 4/4
  1801 | D:3      | Noticed Grinder
  1801 | D:3      | Found a blossoming altar of Fedhas.
  2030 | D:3      | Found a runed translucent gate.
  2030 | D:3      | Found a runed translucent gate.
  2030 | D:3      | Found a runed translucent gate.
  2031 | D:3      | Found an opulent altar of Gozag.
  2032 | D:3      | Noticed Inchmeat's ghost (novice AtGl)
  2097 | D:3      | Paralysed by Grinder for 2 turns
  2106 | D:3      | Killed Grinder
  2107 | D:3      | Reached skill level 5 in Fighting
  2107 | D:3      | Reached skill level 5 in Axes
  2107 | D:3      | Reached XP level 6. HP: 55/56 MP: 5/5
  2462 | D:3      | Found a sparkling altar of Nemelex Xobeh.
  2533 | D:3      | Found an opulent altar of Gozag.
  2562 | D:3      | Noticed Ijyb
  2593 | D:3      | Killed Ijyb
  3067 | D:4      | HP: 2/56 [orc priest/nerve-wracking pain (7)]
  3069 | D:4      | Slain by an orc priest

Illustrated notes

Levels and vault maps discovered:
D:1:      shiori_arrival_oz, layout_basic
D:2:      layout_loops_ring, chequers_decorated_corner, uniq_sigmund
D:3:      layout_basic, lemuel_coloured_pillars_altar,
          mainiacjoe_overflow_brackets, fedhas_altar_1, ebering_ghost_gozag,
          chequers_serial_rivers_micro_c, minmay_bisected, uniq_grinder,
          uniq_ijyb
D:4:      layout_gridville

Skill      XL: |  1  2  3  4  5  6 |
---------------+-------------------+-----
Armour         | 4 5 6 |  6.4
Fighting       | 4 5 |  5.1
Axes           | 4 5 6 |  6.1
Shields        | |  3.6

Action                     |  1- 3 |  4- 6 || total
---------------------------+-------+-------++-------
  Melee: War axe           |    65 |    75 ||   140
         Headbutt          |     8 |    15 ||    23
    Use: Potion            |     3 |     2 ||     5
         Scroll            |       |     4 ||     4
 Armour: Scale mail        |    33 |    31 ||    64
         Chain mail        |       |     9 ||     9
  Dodge: Dodged            |    35 |    27 ||    62
  Block: Buckler           |    17 |    14 ||    31
